Map: Fear and Faith LE

Players

SLicKcHeeZEE - Winner!

  • Race: Zerg Zerg

A.I. 1 (Very Hard)

  • Race: Terran Terran

VOD

Have the link to the VOD?

Description

Time

  • Played on: Sept. 10, 2026, 12:56 a.m.
  • Length: 15:01
Show
View Real Time Build Order
Export as new Build Order

SLicKcHeeZEE Zerg - Winner!

Build Orders: Hatch First, Roach Hydra 

Get SALT Encoding   

  8  0:00  Drone  
  9  0:11  Drone  
  10  0:17  Drone  
  11  0:27  Overlord  
  11  0:33  Drone  
  12  0:45  Drone x2  
  14  0:51  Drone  
  15  1:15  Hatchery, Drone  
  15  1:19  Drone  
  16  1:34  Spawning Pool  
  16  1:37  Extractor  
  16  1:39  Drone  
  15  1:43  Drone  
  16  1:47  Drone  
  16  1:52  Drone  
  18  2:01  Overlord  
  18  2:11  Drone  
  19  2:21  Queen  
  21  2:27  Queen  
  23  2:34  Drone  
  23  2:35  Drone  
  25  2:40  Overlord  
  25  2:45  Drone  
  25  2:48  Drone  
  25  2:50  Drone  
  28  2:54  Drone  
  29  3:03  Lair  
  29  3:11  Roach Warren  
  28  3:14  Drone  
  28  3:19  Overlord  
  29  3:26  Drone  
  29  3:27  Drone  
  31  3:33  Drone x2  
  31  3:34  Drone x2  
  35  3:37  Drone  
  36  3:43  Overlord  
  36  3:51  Roach x2  
  36  3:52  Roach  
  44  3:55  Roach  
  44  4:00  Extractor  
  43  4:03  Hydralisk Den  
  43  4:05  Drone  
  43  4:06  Drone x2  
  45  4:12  Extractor  
  45  4:13  Drone x2  
  45  4:14  Drone  
  47  4:29  Hatchery  
  46  4:35  Hydralisk x2  
  50  4:42  Evolution Chamber  
  49  4:45  Overlord  
  49  4:51  Evolution Chamber  
  49  4:52  Drone  
  49  4:53  Drone x2  
  49  4:54  Drone  
  49  4:59  Drone  
  54  5:00  Drone  
  54  5:01  Drone  
  54  5:02  Drone  
  56  5:09  Glial Reconstitution  
  56  5:12  Grooved Spines  
  56  5:15  Zerg Missile Weapons Level 1  
  56  5:19  Zerg Ground Armor Level 1  
  56  5:25  Overlord  
  56  5:26  Overlord  
  58  5:43  Roach x4  
  58  5:44  Roach  
  58  5:45  Hydralisk, Roach  
  58  5:48  Hydralisk  
  72  5:55  Overlord x2  
  72  6:01  Queen  
  72  6:03  Drone  
  72  6:04  Drone  
  76  6:06  Drone  
  76  6:07  Drone  
  76  6:10  Drone x2  
  80  6:27  Muscular Augments  
  80  6:39  Roach x2  
  86  6:40  Roach x2, Hydralisk  
  86  6:41  Hydralisk  
  86  6:42  Hydralisk  
  86  6:43  Hydralisk  
  86  6:46  Roach  
  98  6:51  Hydralisk  
  100  6:56  Overlord x2  
  100  7:12  Extractor, Drone  
  100  7:15  Drone x2  
  102  7:24  Overlord  
  102  7:34  Roach x3, Hydralisk x2  
  102  7:35  Roach x2  
  116  7:40  Zerg Ground Armor Level 2  
  116  7:48  Zerg Missile Weapons Level 2  
  116  7:57  Overlord  
  116  7:59  Roach  
  116  8:00  Roach x3  
  124  8:20  Overlord  
  124  8:21  Overlord  
  124  8:23  Hydralisk x3  
  124  8:24  Roach  
  94  9:08  Roach x4, Hydralisk x3  
  112  9:10  Roach x4, Hydralisk x2  
  112  9:11  Roach x3, Hydralisk  
  112  9:12  Roach  
  112  9:15  Overlord  
  130  9:27  Extractor  
  129  9:34  Queen  
  129  9:37  Drone x3  
  134  9:40  Roach x2, Hydralisk x2  
  134  9:41  Roach, Hydralisk x2  
  134  9:42  Hydralisk, Roach x2, Hatchery  
  134  9:43  Overlord  
  153  10:20  Roach  
  153  10:21  Roach x3, Hydralisk  
  161  10:26  Overlord x4  
  163  10:47  Hydralisk x3  
  163  10:48  Hydralisk x7  
  183  11:29  Ravager x3  
  186  11:33  Ravager  
  186  11:36  Ravager  
  154  13:03  Hydralisk  
  154  13:04  Hydralisk x11  
  154  13:05  Hydralisk x5  
  182  13:06  Hydralisk x6  
  168  13:40  Hydralisk  
  168  13:41  Hydralisk x17  
  195  14:35  Zergling x2  
  195  14:36  Zergling x8  
Show
View Real Time Build Order
Export as new Build Order

A.I. 1 (Very Hard) Terran 

Build Orders:  

Get SALT Encoding   

  8  0:00  SCV  
  9  0:13  SCV  
  10  0:25  SCV  
  11  0:37  SCV  
  12  0:46  Supply Depot  
  12  0:49  SCV  
  13  1:07  SCV  
  13  1:10  Barracks  
  14  1:19  SCV  
  15  1:32  SCV  
  16  1:44  SCV  
  17  1:50  Supply Depot  
  17  1:56  SCV  
  17  1:57  Refinery  
  17  1:58  Marine  
  19  2:08  SCV  
  20  2:16  Marine  
  20  2:17  Barracks  
  20  2:20  SCV  
  22  2:26  Refinery  
  22  2:32  SCV  
  22  2:34  Marine  
  24  2:44  Supply Depot, SCV  
  25  2:51  Marine  
  25  2:56  SCV  
  27  3:04  Marine  
  28  3:08  SCV  
  28  3:09  Factory  
  29  3:15  Marine  
  30  3:20  SCV  
  30  3:21  Marine  
  32  3:32  Marine  
  32  3:33  SCV  
  34  3:39  Marine  
  35  3:45  SCV  
  36  3:51  Barracks  
  36  3:57  SCV  
  36  3:59  Supply Depot  
  37  4:04  Barracks Tech Lab  
  37  4:06  Barracks Tech Lab  
  37  4:19  Starport, Factory Tech Lab  
  37  4:21  SCV  
  38  4:33  SCV, Marine  
  40  4:39  Marine  
  40  4:42  Stimpack  
  40  4:45  SCV  
  42  4:47  Combat Shield  
  42  4:57  SCV  
  43  5:03  Supply Depot  
  43  5:09  SCV  
  44  5:21  SCV  
  44  5:24  Marine, Marauder  
  44  5:27  Supply Depot  
  48  5:33  SCV  
  49  5:36  Barracks Reactor  
  49  5:37  Siege Tank  
  52  5:44  Command Center  
  52  5:45  Marine  
  52  5:46  Orbital Command  
  52  5:49  Marauder  
  55  5:58  Supply Depot  
  55  6:04  Marauder  
  57  6:10  Marine  
  58  6:19  Siege Tank  
  58  6:25  Marauder  
  63  6:28  Supply Depot  
  63  6:32  Marauder  
  65  6:46  Marauder  
  67  6:47  Engineering Bay  
  67  6:51  Siege Tank  
  67  6:53  Marauder  
  72  6:57  SCV, Supply Depot  
  72  6:59  SCV  
  74  7:08  Marauder  
  76  7:09  SCV  
  76  7:11  SCV  
  76  7:14  Marauder  
  76  7:15  Terran Infantry Weapons Level 1  
  80  7:20  Concussive Shells  
  80  7:21  SCV  
  81  7:23  Siege Tank  
  81  7:24  SCV  
  81  7:29  Marauder  
  87  7:33  SCV  
  87  7:34  Supply Depot  
  87  7:36  SCV  
  89  7:41  Engineering Bay  
  89  7:45  SCV  
  89  7:48  SCV  
  91  7:52  Refinery  
  91  7:55  Missile Turret  
  91  7:57  SCV  
  92  8:01  Orbital Command, Missile Turret  
  92  8:06  Terran Infantry Armor Level 1  
  92  8:07  Barracks, Starport Reactor  
  92  8:13  Marine  
  92  8:14  Marine, Supply Depot  
  92  8:16  SCV  
  95  8:26  Siege Tank  
  98  8:28  SCV  
  98  8:31  Marauder  
  98  8:32  Marine x2, Marauder  
  85  8:43  Medivac  
  66  8:50  Marine x2  
  66  8:52  Marauder  
  66  8:53  Marine  
  66  8:54  Marine  
  67  8:58  Refinery  
  67  9:01  Siege Tank  
  70  9:08  Marine x2  
  72  9:11  Marine, Marauder  
  72  9:14  Marauder  
  77  9:25  Missile Turret, Marine  
  77  9:29  Marine  
  77  9:30  Marine  
  80  9:32  Medivac  
  80  9:33  Marauder, Siege Tank  
  80  9:34  Marine  
  88  9:43  Marine  
  88  9:45  Missile Turret  
  89  9:53  Marauder  
  89  9:56  Marauder  
  89  9:59  Command Center  
  93  10:02  Supply Depot  
  93  10:05  Siege Tank  
  96  10:14  Missile Turret, Marauder  
  96  10:17  Marauder  
  100  10:26  Supply Depot  
  100  10:31  Armory  
  100  10:36  Marauder  
  100  10:37  Siege Tank  
  100  10:39  Marauder  
  107  10:56  Medivac  
  109  10:58  Supply Depot  
  109  11:08  Factory  
  109  11:09  Siege Tank  
  112  11:12  SCV  
  112  11:13  SCV x2  
  112  11:14  Refinery  
  115  11:18  Terran Infantry Weapons Level 2  
  115  11:20  Terran Vehicle Weapons Level 1  
  115  11:23  Missile Turret  
  115  11:24  SCV  
  116  11:25  SCV  
  116  11:26  Missile Turret, SCV, Refinery  
  116  11:28  Armory  
  118  11:37  SCV  
  118  11:38  Orbital Command  
  118  11:39  SCV  
  120  11:42  Widow Mine  
  120  11:45  Starport, Command Center  
  122  11:49  SCV  
  122  11:51  SCV, Hi-Sec Auto Tracking  
  122  11:52  Widow Mine  
  126  12:01  SCV  
  127  12:03  SCV, Widow Mine  
  127  12:05  SCV  
  127  12:08  Supply Depot  
  131  12:13  SCV, Medivac  
  131  12:14  Factory Tech Lab  
  131  12:15  SCV  
  135  12:16  Terran Vehicle And Ship Armor Level 1  
  135  12:17  SCV  
  135  12:21  Starport Tech Lab  
  135  12:22  Marine x4  
  139  12:25  Widow Mine, SCV  
  139  12:27  SCV  
  143  12:32  Siege Tank  
  143  12:33  Supply Depot  
  142  12:39  Raven  
  142  12:40  Marauder x2  
  122  12:49  SCV  
  122  12:51  SCV  
  98  12:52  Marine  
  98  12:54  Marine  
  98  12:56  Marine  
  78  13:01  Marine, SCV, Marauder  
  79  13:09  Marine  
  79  13:12  Marine  
  80  13:14  Marine  
  80  13:19  Marauder  
  74  13:23  Marauder  
  48  13:41  Marauder  
Tags
 
Add a new tag
Caveats
  • Supply blocks, unpowered buildings, or Contaminate may cause inaccurate times.
  • Supply counts are checked every 10 seconds.